 Dungeon Crawl Stone Soup version 0.28-a0-1524-ge72afd5fc6 (webtiles) character file.

Game seed: 18155820647895860076

37 comborobin the Firebug (level 3, -1/26 HPs)
             Began as an Octopode Cinder Acolyte on Jan 18, 2022.
             Was a High Priest of Ignis.
             Succumbed to a water moccasin's poison
             ... on level 3 of the Dungeon.
             The game lasted 00:00:49 (534 turns).

comborobin the Firebug (Octopode Cinder Acolyte)     Turns: 534, Time: 00:00:49

Health: -1/26      AC:  1    Str: 13    XL:     3   Next: 39%
Magic:  5/5        EV: 12    Int: 18    God:    Ignis [*****.]
Gold:   32         SH:  0    Dex:  7    Spells: 5/5 levels left

rFire   + . .      SeeInvis .     - Unarmed
rCold   . . .      Faith    .   (no shield)
rNeg    . . .      Spirit   .   (helmet restricted)
rPois   .          Reflect  .   (no amulet)
rElec   .          Harm     .   (no ring)
rCorr   .          Rampage  .   (no ring)
Will    .....                   (no ring)
Stlth   ++........              (no ring)
HPRegen 0.08/turn               (no ring)
MPRegen 0.09/turn               (no ring)
                                (no ring)
                                (no ring)

@: lethally poisoned (-1 -> -19), invisible (expiring)
A: almost no armour, amphibious, 8 rings, camouflage 1, gelatinous body 1,
(nimble swimmer 1), tentacles
a: Renounce Religion, Fiery Armour, Foxfire Swarm, Rising Flame


You were on level 3 of the Dungeon.
You worshipped Ignis.
Ignis was extremely pleased with you.
You visited 1 branch of the dungeon, and saw 3 of its levels.

You collected 32 gold pieces.

Inventory:

Scrolls
 b - a scroll of teleportation {unknown}


   Skills:
 + Level 3.3 Fighting
 + Level 3.3 Unarmed Combat
 + Level 1.6 Spellcasting
 + Level 3.4 Fire Magic


You had 5 spell levels left.
You didn't know any spells.
Your spell library contained the following spells:

 Spells                   Type           Power      Damage    Failure   Level
 Scorch                   Fire           26%        2d6       7%          2


Dungeon Overview and Level Annotations

Branches:
Dungeon (3/15)

Altars:


Innate Abilities, Weirdness & Mutations

You cannot wear most types of armour.
You are amphibious.
You can wear up to eight rings at the same time.
Your skin changes colour to match your surroundings (Stealth+).
Your rubbery body absorbs attacks. (AC +1, EV +1)
((You are camouflaged when in or above water. (Stealth+)))
You have tentacles for arms and can constrict up to eight enemies at once.


Message History

You tentacle-slap the scorpion. You grab the scorpion.
You squeeze the scorpion, but do no damage.
The scorpion is lightly wounded.
You constrict the scorpion, but do no damage.
The scorpion closely misses you. The scorpion stings you.
You are poisoned.
The scorpion poisons you!
It was a potion of invisibility.
You fade into invisibility!
You constrict the scorpion, but do no damage.
You feel very sick. The scorpion completely misses you.
You release your grip on the scorpion.
You feel very sick.
You feel sick.
You feel sick.
A water moccasin comes into view.
You feel sick. The scorpion closely misses you.
You feel sick.
You feel sick.
You feel sick.
You feel sick.
You are no longer poisoned.
Found 13 gold pieces.
A rat comes into view.
The water moccasin hisses angrily.
The rat closely misses you.
You tentacle-slap the rat.
You kill the rat!
The water moccasin misses you.
You see here a rat corpse.
You flicker for a moment.
The water moccasin closely misses you.
You see here 13 gold pieces.
Found a bubbling black potion.
The water moccasin bites you.
* * * LOW HITPOINT WARNING * * *
You are lethally poisoned!
The water moccasin poisons you!
You die...

#........# #.#....#.#
#.##.#.# #.#<.#.#
#.####.#
#......##########
.....s........†$.#
.......#########S##.##.
..............@.........
.#.###.#########..#.##!#
... #. ....... ## #.
##...#.# #. ...# # ...#
...# ..#


You could see a water moccasin.

Vanquished Creatures
  2 adders (D:2)
  2 dart slugs (D:2)
  2 endoplasms (D:2)
  2 goblins (D:2)
  A hobgoblin (D:2)
  A ball python (D:2)
  A bat (D:2)
  2 frilled lizards (D:2)
  2 kobolds (D:2)
  2 rats
17 creatures vanquished.

Notes
Turn   | Place    | Note
-------+----------+-------------------------------------------
     0 | D:1      | comborobin the Octopode Cinder Acolyte began the quest for
                  | the Orb.
     0 | D:1      | Reached XP level 1. HP: 16/16 MP: 2/2
   106 | D:2      | Reached XP level 2. HP: 21/21 MP: 3/3
   351 | D:2      | Reached XP level 3. HP: 26/26 MP: 5/5
   368 | D:2      | Found a faded altar of an unknown god.
   510 | D:3      | Noticed a scorpion
   518 | D:3      | Noticed a water moccasin
   534 | D:3      | Succumbed to a water moccasin's poison

Illustrated notes

Levels and vault maps discovered:
D:1:      scummos_arrival_forest, layout_rooms, chequers_serial_rivers_large_a
D:2:      layout_loops_ring, shapermc_ecumenical_altar_mp_urbaneastern
D:3:      layout_basic, kennysheep_small_spiral

Action                   || total
-------------------------++-------
Melee: Unarmed           ||    28
       Constrict         ||     8
       Tentacles         ||     9
       Punch             ||     1
  Use: Potion            ||     1
 Stab: Sleeping          ||     3
Armor: Skin              ||     2
Dodge: Dodged            ||    13

Table legend: (Time is in decaauts)
 A = Elapsed time spent in this place.
 B = Non-inter-level travel time spent in this place.
 C = Inter-level travel time spent in this place.
 D = Time resting spent in this place.
 E = Time spent auto-exploring this place.
 F = Levels seen in this place.
 G = Mean time per level.
                   A        B        C        D        E       F      G
               +--------+--------+--------+--------+--------+-----+--------+
         Total |    531 |    516 |     15 |     96 |    277 |   3 |  177.0 |
       Dungeon |    531 |    516 |     15 |     96 |    277 |   3 |  177.0 |
               +--------+--------+--------+--------+--------+-----+--------+

Top non-repeatable levels by time:
     D:2: 485 daAuts
     D:3: 40 daAuts
     D:1: 6 daAuts
